Selects Canadian Shock Battlegroup
Construct Section Command Post
Selects Incendiary Munitions
Construct Field Infirmary
Construct Platoon Command Post
Unlock Bishop Self-propelled Artillery
6-pounder Anti-tank Gun Team
Selects Offensive Resupply
Bishop Self-propelled Artillery
Bishop Self-propelled Artillery
Selects Churchill Crocodile Heavy Tank
Churchill Crocodile Heavy Tank
6-pounder Anti-tank Gun Team
Selects Canadian Shock Section